 Dungeon Crawl Stone Soup version 0.27.0-1-g7a089689b8 (webtiles) character file.

Game seed: 6531865722264602600

184 tilp the Ducker (level 5, -1/32 HPs)
             Began as a Deep Elf Gladiator on Aug 3, 2021.
             Slain by Menkaure (14 damage)
             ... on level 5 of the Dungeon.
             The game lasted 00:09:15 (4911 turns).

tilp the Ducker (Deep Elf Gladiator)                Turns: 4911, Time: 00:09:15

Health: -1/32      AC:  7    Str: 17    XL:     5   Next: 36%
Magic:  7/7        EV: 14    Int: 14    God:
Gold:   2          SH:  0    Dex: 16    Spells: 4/4 levels left

rFire    . . .     SeeInvis .   a - +0 quarterstaff (flame)
rCold    . . .     Faith    .   (shield currently unavailable)
rNeg     . . .     Spirit   .   b - +0 leather armour
rPois    .         Reflect  .   c - +1 helmet
rElec    .         Harm     .   (no cloak)
rCorr    .         Rampage  .   q - +0 pair of gloves
Will     .....                  h - +0 pair of boots
Stlth    ++........             (no amulet)
HPRegen  0.10/turn              o - +6 ring of strength
MPRegen  0.10/turn              (no ring)

@: no status effects
A: no striking features
a: no special abilities


You were on level 5 of the Dungeon.
You visited 1 branch of the dungeon, and saw 5 of its levels.

You collected 157 gold pieces.
You spent 155 gold pieces at shops.

Inventory:

Hand Weapons
 a - a +0 quarterstaff of flaming (weapon)
 p - a +2 dagger of venom
Missiles
 d - a throwing net (quivered)
 j - 8 silver javelins
Armour
 b - a +0 leather armour (worn)
 c - a +1 helmet (worn)
 h - a +0 pair of boots (worn)
 q - a +0 pair of gloves (worn)
Magical Staves
 l - a staff of cold
Jewellery
 o - a +6 ring of strength (left hand)
Scrolls
 g - a scroll of identify
 i - 2 scrolls of teleportation
Potions
 e - a potion of might
 f - a potion of brilliance
 k - a potion of curing
 m - a potion of heal wounds
 r - a potion of flight


   Skills:
 + Level 2.8 Fighting
 - Level 4.0 Staves
 - Level 2.0 Throwing
 + Level 5.0 Dodging
 + Level 2.4 Stealth


You had 4 spell levels left.
You didn't know any spells.
Your spell library was empty.

Dungeon Overview and Level Annotations

Branches:
Dungeon (5/15)
 Temple: D:4-7

Altars:

Shops:
D:1 ?

Annotations:
D:3 Grinder
D:5 Menkaure, Pikel


Message History

You start resting.
HP restored.
Things that are here:
a +0 ring mail; a +0 spear
There is a stone staircase leading down here.
You see here a +0 spear.
There is a stone staircase leading down here.
You climb downwards.
Found a whip.
There is a stone staircase leading up here.
Unknown command.
A lemure comes into view.
The lemure shouts!
A lemure comes into view.
Pikel the Slaver comes into view.
He is wielding a +2 whip of electrocution.
You see here a +0 whip.
Unknown command.
There is a stone staircase leading up here.
You climb upwards.
There is a stone staircase leading down here.
You see here a +0 hand axe.
There is an escape hatch in the ceiling here.
There is a stone staircase leading down here.
You aren't carrying any items that you can evoke.
You climb downwards.
Level annotation: Pikel Menkaure, Prince of Dust comes into view.
There is a stone staircase leading up here.
Unknown command.
Okay, then.
Found a scroll of identify and a glowing golden potion.
The helpless Menkaure fails to defend himself.
You thump Menkaure! You burn Menkaure.
Menkaure is heavily damaged.
Menkaure hits you!!
Ouch! That really hurt!
You hit Menkaure. You burn Menkaure.
Menkaure is severely damaged.
Menkaure hits you!
You die...

.##+# .#
.##.....##
.#
#...!....##
.#
#.........#
.#
#.........#
..........#
#?........#
#.....M...#
.......@..#
..........#
#........<#
#.........#
#.........#
..........#
.........##
..#.....##
......


You could see Menkaure.

Vanquished Creatures
  An orc wizard (D:3)
  3 gnolls (D:4)
  4 adders
  An ufetubus (D:4)
  An adder skeleton (D:4)
  A worm (D:4)
  2 dart slugs
  6 orcs
  8 endoplasms
  4 giant cockroaches
  4 goblins
  7 hobgoblins
  9 jackals
  6 kobolds
  3 ball pythons
  2 bats
  6 frilled lizards
  2 rats (D:2)
70 creatures vanquished.

Vanquished Creatures (others)
  2 demonic plants (D:3)
2 creatures vanquished.

Grand Total: 72 creatures vanquished

Notes
Turn   | Place    | Note
-------+----------+-------------------------------------------
     0 | D:1      | tilp the Deep Elf Gladiator began the quest for the Orb.
     0 | D:1      | Reached XP level 1. HP: 12/12 MP: 3/3
   318 | D:1      | Reached XP level 2. HP: 17/17 MP: 4/4
   661 | D:1      | Found Usoanli's Magic Scroll Boutique.
   706 | D:1      | Reached skill level 4 in Dodging
   949 | D:1      | Bought a scroll of identify for 20 gold pieces
  1592 | D:2      | Reached XP level 3. HP: 21/21 MP: 5/5
  1870 | D:1      | Bought a scroll of teleportation for 30 gold pieces
  2580 | D:3      | Noticed Grinder
  2650 | D:3      | Reached XP level 4. HP: 24/27 MP: 6/6
  2753 | D:3      | Reached skill level 1 in Stealth
  4133 | D:4      | Reached XP level 5. HP: 29/31 MP: 7/7
  4629 | D:3      | Reached skill level 5 in Dodging
  4721 | D:1      | Bought a scroll of teleportation for 30 gold pieces
  4721 | D:1      | Bought a scroll of enchant armour for 75 gold pieces
  4792 | D:5      | Entered Level 5 of the Dungeon
  4792 | D:5      | Noticed an ogre
  4837 | D:5      | Noticed a lemure
  4837 | D:5      | Noticed a lemure
  4837 | D:5      | Noticed Pikel
  4907 | D:5      | Noticed Menkaure
  4911 | D:5      | Slain by Menkaure

Illustrated notes

Levels and vault maps discovered:
D:1:      dpeg_arrival_arbitrary_b, layout_loops_ring, serial_shops, shop,
          st_stairs_6
D:2:      layout_loops_corners
D:3:      layout_rooms, dreamdust_ecumenical_altar_sealed_demon, uniq_grinder
D:4:      layout_loops_cross
D:5:      layout_rooms, nicolae_qazlal_style_of_elements, minmay_misc_feat_room,
          moated_statue, kennysheep_opposing_triangles, uniq_pikel,
          uniq_menkaure

Skill      XL: |  1  2  3  4  5 |
---------------+----------------+-----
Dodging        | 4 5 |  5.0
Fighting       | 2 |  2.8
Stealth        | 2 |  2.4
Staves         | 4 |  4.0
Throwing       | |  2.0

Action                   |  1- 3 |  4- 6 || total
-------------------------+-------+-------++-------
Melee: Quarterstaff      |   104 |    95 ||   199
Throw: Throwing net      |     1 |     3 ||     4
  Use: Scroll            |     8 |     7 ||    15
 Stab: Sleeping          |     4 |     2 ||     6
       Held in net/web   |       |     1 ||     1
Armor: Leather armour    |    35 |    23 ||    58
Dodge: Dodged            |    59 |    53 ||   112
